MapleLeafs vs RedWings

Created - 12 novembre 2018 at 17:33

Goals
1 2 3 T
MapleLeafs 0 0 1 1
RedWings 1 0 1 2
Shots
1 2 3 T
MapleLeafs 8 14 8 30
RedWings 16 15 9 40

1st period

1. RedWings , Ryan Hartman 2 (Ben Lovejoy 2, Frans Nielsen 3) at 12:02

Penalties :
Filip Forsberg (DET) for Hooking (Minor) at 0:59, Cal Clutterbuck (TOR) for Tripping (Minor) at 0:59, Nazem Kadri (TOR) for Hooking (Minor) at 9:08, Kris Russell (DET) for Hooking (Minor) at 14:31

2nd period

No Goal

Penalties :
No Penalty

3rd period

2. MapleLeafs , Anthony Duclair 1 (Dmitry Kulikov 3, Beau Bennett 2) at 13:04
3. RedWings , David Pastrnak 5 (Jake Gardiner 14) at 17:01

Penalties :
Travis Hamonic (TOR) for Hooking (Minor) at 1:35

Goalie Stats

Marc-Andre Fleury (TOR), 38 saves from 40 shots - (0.950), L, 3-9-0, 59:52 minutes
John Gibson (DET), 29 saves from 30 shots - (0.967), W, 7-1-1, 60:00 minutes

Players Stats for MapleLeafs

Player Name              G  A  P  +/- PIM S  H  SB GA TA FO     MP     PP MP  PK MP  
------------------------------------------------------------------------------------
Alex DeBrincat           0  0  0   0  0   2  0  1  0  0  0/3    19:03   0:42   2:02 
Anthony Duclair          1  0  1   0  0   5  0  0  0  0  2/2    17:07   0:14   1:46 
Beau Bennett             0  1  1   0  0   0  3  0  0  0  0/2    15:42   0:14   0:21 
Brandon Montour          0  0  0  -1  0   0  1  1  0  0  0/0    19:02   0:42   2:06 
Brent Seabrook           0  0  0  -1  0   1  1  2  0  0  0/0    24:53   1:03   1:45 
Cal Clutterbuck          0  0  0   0  2   2  3  0  0  0  1/2    17:00   0:42   0:00 
Craig Smith              0  0  0   0  0   2  1  0  0  0  1/1    19:31   1:03   0:44 
Dmitry Kulikov           0  1  1   1  0   1  0  1  0  0  0/0    16:27   0:00   0:43 
Jason Demers             0  0  0   0  0   0  2  2  0  0  0/0    22:42   1:03   1:45 
Leo Komarov              0  0  0   0  0   4  1  0  0  0  1/3    19:31   1:03   0:44 
Mikhail Sergachev        0  0  0  -1  0   1  0  1  0  0  0/0     2:37   0:00   0:26 
Nazem Kadri              0  0  0   0  2   3  1  0  0  0  10/20  18:29   0:42   0:51 
Nolan Patrick            0  0  0   0  0   0  0  0  0  0  9/16   16:06   0:14   0:00 
Patrick Marleau          0  0  0  -1  0   5  0  0  0  0  18/30  24:32   1:03   1:28 
Peter Holland            0  0  0  -1  0   1  0  0  0  0  2/4     3:30   0:00   0:00 
Radko Gudas              0  0  0   1  0   0  5  3  0  0  0/0    16:05   0:14   0:07 
Tom Kuhnhackl            0  0  0  -1  0   0  0  0  0  0  0/0     3:30   0:00   0:00 
Travis Hamonic           0  0  0  -1  2   3  2  1  0  0  0/0    18:13   0:56   1:04 

Players Stats for RedWings

Player Name              G  A  P  +/- PIM S  H  SB GA TA FO     MP     PP MP  PK MP  
------------------------------------------------------------------------------------
Andrew Cogliano          0  0  0  -1  0   1  1  0  0  0  0/0    10:11   2:10   1:07 
Ben Lovejoy              0  1  1   1  0   2  2  3  0  0  0/0    20:23   1:48   0:42 
David Pastrnak           1  0  1   1  0   7  0  0  0  0  0/2    15:43   1:48   0:00 
Erik Haula               0  0  0   1  0   6  2  0  0  0  10/23  16:51   1:40   0:10 
Filip Forsberg           0  0  0   0  2   3  4  0  0  0  0/3    20:25   0:30   0:10 
Frans Nielsen            0  1  1   1  0   3  0  1  0  0  9/17   13:17   0:00   0:42 
Jake Gardiner            0  1  1   0  0   1  1  1  0  0  0/0    24:11   2:10   1:07 
Jonathan Drouin          0  0  0   0  0   0  0  0  0  0  1/1    19:56   0:00   0:10 
Kris Russell             0  0  0   0  2   0  2  1  0  0  0/0    23:03   2:10   0:00 
Kyle Brodziak            0  0  0  -1  0   1  0  0  0  0  5/12    8:01   0:00   1:07 
Loui Eriksson            0  0  0  -1  0   0  0  0  0  0  0/0     7:36   0:00   0:42 
Micheal Ferland          0  0  0   1  0   1  3  0  0  0  0/1    17:16   1:48   0:00 
Nick Jensen              0  0  0   0  0   1  2  2  0  0  0/0    15:26   0:00   0:10 
Paul Martin              0  0  0   1  0   1  0  0  0  0  0/0    20:23   1:48   0:42 
Ryan Hartman             1  0  1   1  0   2  0  0  0  0  0/1    10:49   0:00   0:00 
Sean Monahan             0  0  0   0  0   7  1  0  0  0  14/23  22:27   1:48   0:00 
Thomas Hickey            0  0  0   0  0   1  3  1  0  0  0/0    16:23   0:00   1:07 
Tyler Toffoli            0  0  0   1  0   3  0  0  0  0  0/0    13:39   2:10   0:00 

3 Stars

1 - Marc-Andre Fleury (TOR)
2 - John Gibson (DET)
3 - Ryan Hartman (DET)

Power Play

MapleLeafs - 0 on 1 Attempt(s) - 0.00%
RedWings - 0 on 2 Attempt(s) - 0.00%

Penalty Kill

MapleLeafs - 2 on 2 Attempt(s) - 100.00% - Score 0 goal in Penalty Kill
RedWings - 1 on 1 Attempt(s) - 100.00% - Score 0 goal in Penalty Kill

Team Stat

MapleLeafs - Hits : 20 - Faceoff Wins : 44 - Blocked Shots : 12 - Penalty Minutes : 6
RedWings - Hits : 21 - Faceoff Wins : 39 - Blocked Shots : 9 - Penalty Minutes : 4

Official

Referees : Jacob Brenk and Kelly Sutherland
Linesman : Ryan Galloway and Pierre Racicot

Game Notes

No Game Note

Finance

Level 1 -- Attendance: 6364 (97.91%) -- Ticket Income 445 480 $
Level 2 -- Attendance: 5000 (100.00%) -- Ticket Income 260 000 $
Level 3 -- Attendance: 3500 (100.00%) -- Ticket Income 105 000 $
Level 4 -- Attendance: 3203 (79.54%) -- Ticket Income 32 030 $
Luxury Box -- Attendance: 1000 (100.00%) -- Ticket Income 135 000 $
Game was played at the Joe Louis Arena.
Total Attendance: 19067 (95.21%)
Total Ticket Income: 977 510 $
Other Income: 478 980 $
Total Income: 1 456 490 $

% Time on Ice - MapleLeafs

Lines # - Real PCT - Wanted PCT - Time Play
Normal Forward
1 - 32% - 40% - 16:39
2 - 32% - 30% - 16:19
3 - 29% - 20% - 15:07
4 - 7% - 10% - 3:30
Normal Defense
1 - 35% - 40% - 18:02
2 - 30% - 30% - 15:38
3 - 31% - 20% - 15:44
4 - 4% - 10% - 2:11
PP Forward
1 - 53% - 60% - 1:03
2 - 47% - 40% - 0:56
PP Defense
1 - 53% - 60% - 1:03
2 - 47% - 40% - 0:56
PK Forward
1 - 82% - 60% - 3:14
2 - 18% - 40% - 0:44
PK Defense
1 - 44% - 60% - 1:45
2 - 56% - 40% - 2:13
PK3 Forward
1 - 0% - 60%
2 - 0% - 40%
PK3 Defense
1 - 0% - 60%
2 - 0% - 40%
44 Forward
1 - 70% - 60% - 1:23
2 - 30% - 40% - 0:36
44 Defense
1 - 70% - 60% - 1:23
2 - 30% - 40% - 0:36
Last Minute Offensive  - 0:29
Last Minute Defensive  - 0:00
Total
Forward - 60:00
Defense - 60:00

% Time on Ice - RedWings

Lines # - Real PCT - Wanted PCT - Time Play
Normal Forward
1 - 38% - 40% - 19:46
2 - 27% - 30% - 13:55
3 - 21% - 20% - 10:49
4 - 13% - 10% - 6:54
Normal Defense
1 - 36% - 40% - 18:45
2 - 33% - 30% - 16:51
3 - 28% - 20% - 14:36
4 - 2% - 10% - 1:12
PP Forward
1 - 45% - 60% - 1:48
2 - 55% - 40% - 2:10
PP Defense
1 - 55% - 60% - 2:10
2 - 45% - 40% - 1:48
PK Forward
1 - 65% - 60% - 1:17
2 - 35% - 40% - 0:42
PK Defense
1 - 65% - 60% - 1:17
2 - 35% - 40% - 0:42
PK3 Forward
1 - 0% - 60%
2 - 0% - 40%
PK3 Defense
1 - 0% - 60%
2 - 0% - 40%
44 Forward
1 - 45% - 60% - 0:53
2 - 55% - 40% - 1:06
44 Defense
1 - 48% - 60% - 0:57
2 - 52% - 40% - 1:02
Last Minute Offensive  - 0:00
Last Minute Defensive  - 0:40
Total
Forward - 60:00
Defense - 60:00

Play-by-Play

1st period


0:01 of 1st period - Patrick Marleau wins face-off versus Sean Monahan in neutral zone.
0:10 of 1st period - Shot by Patrick Marleau.
0:10 of 1st period - Stopped by John Gibson without a rebound.
0:11 of 1st period - Nazem Kadri wins face-off versus Erik Haula in RedWings zone.
0:59 of 1st period - Minor Penalty to Filip Forsberg for Hooking.
0:59 of 1st period - Minor Penalty to Cal Clutterbuck for Tripping.
1:00 of 1st period - Patrick Marleau wins face-off versus Sean Monahan in neutral zone.
1:58 of 1st period - Shot by Craig Smith.
1:58 of 1st period - Shot Blocked by Ben Lovejoy.
2:20 of 1st period - Shot by Erik Haula.
2:20 of 1st period - Stopped by Marc-Andre Fleury without a rebound.
2:21 of 1st period - Erik Haula wins face-off versus Patrick Marleau in MapleLeafs zone.
2:24 of 1st period - Shot by Frans Nielsen.
2:24 of 1st period - Stopped by Marc-Andre Fleury without a rebound.
2:25 of 1st period - Erik Haula wins face-off versus Patrick Marleau in MapleLeafs zone.
2:28 of 1st period - Shot by Paul Martin.
2:28 of 1st period - Shot Blocked by Jason Demers.
2:38 of 1st period - Shot by Nazem Kadri.
2:38 of 1st period - Shot Misses the Net.
2:44 of 1st period - Shot by Patrick Marleau.
2:44 of 1st period - Shot Misses the Net.
2:46 of 1st period - Shot by Jason Demers.
2:46 of 1st period - Shot Misses the Net.
2:52 of 1st period - Shot by Jason Demers.
2:52 of 1st period - Shot Blocked by Ben Lovejoy.
2:54 of 1st period - Shot by Patrick Marleau.
2:54 of 1st period - Shot Misses the Net.
3:32 of 1st period - Shot by Sean Monahan.
3:32 of 1st period - Stopped by Marc-Andre Fleury with a rebound.
3:34 of 1st period - Shot by Filip Forsberg.
3:34 of 1st period - Deflect By Sean Monahan.
3:34 of 1st period - Shot Blocked by Radko Gudas.
3:53 of 1st period - Icing by Nick Jensen.
3:54 of 1st period - Patrick Marleau wins face-off versus Filip Forsberg in RedWings zone.
3:54 of 1st period - Patrick Marleau is hit by Nick Jensen.
4:19 of 1st period - Craig Smith is hit by Kris Russell and loses puck.
4:30 of 1st period - Shot by Leo Komarov.
4:30 of 1st period - Stopped by John Gibson without a rebound.
4:31 of 1st period - Nazem Kadri wins face-off versus Ryan Hartman in RedWings zone.
4:44 of 1st period - Shot by Nazem Kadri.
4:44 of 1st period - Stopped by John Gibson without a rebound.
4:45 of 1st period - Nolan Patrick wins face-off versus Erik Haula in RedWings zone.
5:07 of 1st period - Shot by David Pastrnak.
5:07 of 1st period - Shot Misses the Net.
5:09 of 1st period - Shot by Micheal Ferland.
5:09 of 1st period - Stopped by Marc-Andre Fleury without a rebound.
5:10 of 1st period - Frans Nielsen wins face-off versus Nazem Kadri in MapleLeafs zone.
5:11 of 1st period - Shot by Paul Martin.
5:11 of 1st period - Stopped by Marc-Andre Fleury without a rebound.
5:12 of 1st period - Patrick Marleau wins face-off versus Frans Nielsen in MapleLeafs zone.
6:05 of 1st period - Tyler Toffoli is hit by Nazem Kadri and loses puck.
6:09 of 1st period - Ben Lovejoy is hit by Brent Seabrook and loses puck.
7:11 of 1st period - Brandon Montour is hit by Micheal Ferland and loses puck.
7:33 of 1st period - Shot by Erik Haula.
7:33 of 1st period - Stopped by Marc-Andre Fleury without a rebound.
7:34 of 1st period - Peter Holland wins face-off versus Kyle Brodziak in MapleLeafs zone.
7:59 of 1st period - Shot by Radko Gudas.
7:59 of 1st period - Shot Misses the Net.
8:01 of 1st period - Shot by Peter Holland.
8:01 of 1st period - Deflect By Patrick Marleau.
8:01 of 1st period - Stopped by John Gibson without a rebound.
8:02 of 1st period - Sean Monahan wins face-off versus Nazem Kadri in RedWings zone.
8:13 of 1st period - Shot by Ben Lovejoy.
8:13 of 1st period - Stopped by Marc-Andre Fleury without a rebound.
8:14 of 1st period - Leo Komarov wins face-off versus Erik Haula in MapleLeafs zone.
9:08 of 1st period - Minor Penalty to Nazem Kadri for Hooking.
9:09 of 1st period - Anthony Duclair wins face-off versus Filip Forsberg in MapleLeafs zone.
9:33 of 1st period - Andrew Cogliano is hit by Brandon Montour and loses puck.
9:38 of 1st period - Shot by Filip Forsberg.
9:38 of 1st period - Stopped by Marc-Andre Fleury without a rebound.
9:39 of 1st period - Sean Monahan wins face-off versus Patrick Marleau in MapleLeafs zone.
10:08 of 1st period - Shot by David Pastrnak.
10:08 of 1st period - Stopped by Marc-Andre Fleury without a rebound.
10:09 of 1st period - Patrick Marleau wins face-off versus Erik Haula in MapleLeafs zone.
10:20 of 1st period - Travis Hamonic is hit by Erik Haula and loses puck.
11:10 of 1st period - Shot by David Pastrnak.
11:10 of 1st period - Shot Misses the Net.
11:18 of 1st period - Shot by Sean Monahan.
11:18 of 1st period - Shot Blocked by Dmitry Kulikov.
11:35 of 1st period - Sean Monahan is hit by Radko Gudas and loses puck.
11:40 of 1st period - Shot by Sean Monahan.
11:40 of 1st period - Stopped by Marc-Andre Fleury without a rebound.
11:41 of 1st period - Frans Nielsen wins face-off versus Beau Bennett in MapleLeafs zone.
12:02 of 1st period - Shot by Ryan Hartman.
12:02 of 1st period - Goal by Ryan Hartman - MapleLeafs : 0 - RedWings : 1.
12:03 of 1st period - Cal Clutterbuck wins face-off versus Kyle Brodziak in neutral zone.
12:08 of 1st period - Shot by Nazem Kadri.
12:08 of 1st period - Shot Blocked by Kris Russell.
12:25 of 1st period - Shot by Kyle Brodziak.
12:25 of 1st period - Shot Misses the Net.
12:27 of 1st period - Shot by Loui Eriksson.
12:27 of 1st period - Shot Blocked by Mikhail Sergachev.
12:29 of 1st period - Shot by Loui Eriksson.
12:29 of 1st period - Shot Misses the Net.
12:59 of 1st period - Shot by Filip Forsberg.
12:59 of 1st period - Stopped by Marc-Andre Fleury without a rebound.
13:00 of 1st period - Erik Haula wins face-off versus Beau Bennett in MapleLeafs zone.
13:05 of 1st period - Shot by Thomas Hickey.
13:05 of 1st period - Stopped by Marc-Andre Fleury without a rebound.
13:06 of 1st period - Sean Monahan wins face-off versus Patrick Marleau in MapleLeafs zone.
13:06 of 1st period - Filip Forsberg is hit by Travis Hamonic and loses puck.
14:12 of 1st period - Off-side.
14:13 of 1st period - Erik Haula wins face-off versus Alex DeBrincat in neutral zone.
14:31 of 1st period - Minor Penalty to Kris Russell for Hooking.
14:32 of 1st period - Patrick Marleau wins face-off versus Kyle Brodziak in RedWings zone.
15:50 of 1st period - Shot by Alex DeBrincat.
15:50 of 1st period - Stopped by John Gibson with a rebound.
16:30 of 1st period - Shot by Anthony Duclair.
16:30 of 1st period - Stopped by John Gibson without a rebound.
16:31 of 1st period - Nolan Patrick wins face-off versus Micheal Ferland in RedWings zone.
16:45 of 1st period - Icing by Erik Haula.
16:46 of 1st period - Peter Holland wins face-off versus David Pastrnak in RedWings zone.
17:02 of 1st period - Icing by Radko Gudas.
17:03 of 1st period - Sean Monahan wins face-off versus Peter Holland in MapleLeafs zone.
17:03 of 1st period - Filip Forsberg is hit by Radko Gudas and loses puck.
17:40 of 1st period - Thomas Hickey is hit by Cal Clutterbuck.
17:52 of 1st period - Shot by Cal Clutterbuck.
17:52 of 1st period - Stopped by John Gibson without a rebound.
17:53 of 1st period - Frans Nielsen wins face-off versus Nolan Patrick in RedWings zone.
18:02 of 1st period - Shot by Ryan Hartman.
18:02 of 1st period - Stopped by Marc-Andre Fleury with a rebound.
18:17 of 1st period - Shot by Anthony Duclair.
18:17 of 1st period - Shot Misses the Net.
18:43 of 1st period - Shot by Nazem Kadri.
18:43 of 1st period - Deflect By Cal Clutterbuck.
18:43 of 1st period - Shot Misses the Net.
18:45 of 1st period - Shot by Alex DeBrincat.
18:45 of 1st period - Shot Blocked by Frans Nielsen.
18:59 of 1st period - Shot by Nazem Kadri.
18:59 of 1st period - Shot Misses the Net.
19:01 of 1st period - Shot by Cal Clutterbuck.
19:01 of 1st period - Deflect By Nazem Kadri.
19:01 of 1st period - Stopped by John Gibson without a rebound.
19:02 of 1st period - Erik Haula wins face-off versus Patrick Marleau in RedWings zone.
19:21 of 1st period - Shot by Erik Haula.
19:21 of 1st period - Stopped by Marc-Andre Fleury without a rebound.
19:22 of 1st period - Sean Monahan wins face-off versus Nazem Kadri in MapleLeafs zone.
19:31 of 1st period - Shot by Sean Monahan.
19:31 of 1st period - Stopped by Marc-Andre Fleury without a rebound.
19:32 of 1st period - Patrick Marleau wins face-off versus Erik Haula in MapleLeafs zone.
19:32 of 1st period - Patrick Marleau is hit by Erik Haula.
19:49 of 1st period - Craig Smith is hit by Jake Gardiner and loses puck.
Goals for this period are 0 for MapleLeafs vs 1 for RedWings.
Shots for this period are 8 for MapleLeafs vs 16 for RedWings.

2nd period


0:01 of 2nd period - Patrick Marleau wins face-off versus Sean Monahan in neutral zone.
0:07 of 2nd period - Leo Komarov is hit by Kris Russell and loses puck.
0:49 of 2nd period - Leo Komarov is hit by Ben Lovejoy and loses puck.
1:15 of 2nd period - Shot by David Pastrnak.
1:15 of 2nd period - Shot Misses the Net.
1:17 of 2nd period - Shot by Ben Lovejoy.
1:17 of 2nd period - Shot Misses the Net.
1:23 of 2nd period - Shot by Erik Haula.
1:23 of 2nd period - Deflect By David Pastrnak.
1:23 of 2nd period - Stopped by Marc-Andre Fleury without a rebound.
1:24 of 2nd period - Nolan Patrick wins face-off versus Frans Nielsen in MapleLeafs zone.
1:35 of 2nd period - Icing by Radko Gudas.
1:36 of 2nd period - Kyle Brodziak wins face-off versus Nolan Patrick in MapleLeafs zone.
1:40 of 2nd period - Andrew Cogliano is hit by Radko Gudas and loses puck.
1:49 of 2nd period - Shot by Nolan Patrick.
1:49 of 2nd period - Shot Misses the Net.
3:23 of 2nd period - Filip Forsberg is hit by Cal Clutterbuck and loses puck.
3:40 of 2nd period - Brandon Montour is hit by Filip Forsberg and loses puck.
3:54 of 2nd period - Icing by Sean Monahan.
3:55 of 2nd period - Sean Monahan wins face-off versus Peter Holland in RedWings zone.
4:25 of 2nd period - Shot by Mikhail Sergachev.
4:25 of 2nd period - Stopped by John Gibson without a rebound.
4:26 of 2nd period - Nolan Patrick wins face-off versus Frans Nielsen in RedWings zone.
4:51 of 2nd period - Shot by Ryan Hartman.
4:51 of 2nd period - Shot Blocked by Radko Gudas.
5:02 of 2nd period - Shot by Frans Nielsen.
5:02 of 2nd period - Deflect By Tyler Toffoli.
5:02 of 2nd period - Stopped by Marc-Andre Fleury with a rebound.
5:22 of 2nd period - Shot by Erik Haula.
5:22 of 2nd period - Shot Misses the Net.
5:24 of 2nd period - Shot by Jake Gardiner.
5:24 of 2nd period - Shot Misses the Net.
5:38 of 2nd period - Shot by Erik Haula.
5:38 of 2nd period - Stopped by Marc-Andre Fleury without a rebound.
5:39 of 2nd period - Kyle Brodziak wins face-off versus Patrick Marleau in MapleLeafs zone.
5:49 of 2nd period - Icing by Brent Seabrook.
5:50 of 2nd period - Kyle Brodziak wins face-off versus Patrick Marleau in MapleLeafs zone.
5:53 of 2nd period - Shot by Kyle Brodziak.
5:53 of 2nd period - Stopped by Marc-Andre Fleury without a rebound.
5:54 of 2nd period - Erik Haula wins face-off versus Patrick Marleau in MapleLeafs zone.
5:54 of 2nd period - Erik Haula is hit by Jason Demers.
6:20 of 2nd period - Shot by Erik Haula.
6:20 of 2nd period - Stopped by Marc-Andre Fleury without a rebound.
6:21 of 2nd period - Nazem Kadri wins face-off versus Sean Monahan in MapleLeafs zone.
6:21 of 2nd period - Nazem Kadri is hit by Filip Forsberg.
7:21 of 2nd period - Shot by Patrick Marleau.
7:21 of 2nd period - Deflect By Craig Smith.
7:21 of 2nd period - Stopped by John Gibson without a rebound.
7:22 of 2nd period - Erik Haula wins face-off versus Nolan Patrick in RedWings zone.
7:35 of 2nd period - Paul Martin is hit by Beau Bennett and loses puck.
7:46 of 2nd period - Shot by Nolan Patrick.
7:46 of 2nd period - Deflect By Anthony Duclair.
7:46 of 2nd period - Stopped by John Gibson with a rebound.
7:56 of 2nd period - Shot by Beau Bennett.
7:56 of 2nd period - Deflect By Anthony Duclair.
7:56 of 2nd period - Stopped by John Gibson without a rebound.
7:57 of 2nd period - Patrick Marleau wins face-off versus Frans Nielsen in RedWings zone.
7:57 of 2nd period - Radko Gudas is hit by Thomas Hickey and loses puck.
8:11 of 2nd period - Shot by Dmitry Kulikov.
8:11 of 2nd period - Shot Misses the Net.
8:28 of 2nd period - Shot by Patrick Marleau.
8:28 of 2nd period - Shot Misses the Net.
8:30 of 2nd period - Shot by Dmitry Kulikov.
8:30 of 2nd period - Stopped by John Gibson without a rebound.
8:31 of 2nd period - Kyle Brodziak wins face-off versus Nazem Kadri in RedWings zone.
9:15 of 2nd period - Icing by Travis Hamonic.
9:16 of 2nd period - Sean Monahan wins face-off versus Nazem Kadri in MapleLeafs zone.
9:35 of 2nd period - Shot by Sean Monahan.
9:35 of 2nd period - Stopped by Marc-Andre Fleury without a rebound.
9:36 of 2nd period - Patrick Marleau wins face-off versus Erik Haula in MapleLeafs zone.
9:36 of 2nd period - Patrick Marleau is hit by Micheal Ferland.
9:47 of 2nd period - Leo Komarov is hit by Thomas Hickey and loses puck.
9:51 of 2nd period - Patrick Marleau is hit by Thomas Hickey and loses puck.
9:54 of 2nd period - Shot by Jason Demers.
9:54 of 2nd period - Shot Misses the Net.
10:05 of 2nd period - Shot by Patrick Marleau.
10:05 of 2nd period - Stopped by John Gibson without a rebound.
10:06 of 2nd period - Sean Monahan wins face-off versus Nolan Patrick in RedWings zone.
10:06 of 2nd period - Sean Monahan is hit by Beau Bennett.
10:13 of 2nd period - Filip Forsberg is hit by Radko Gudas and loses puck.
11:09 of 2nd period - Shot by Peter Holland.
11:09 of 2nd period - Stopped by John Gibson without a rebound.
11:10 of 2nd period - Erik Haula wins face-off versus Nazem Kadri in RedWings zone.
11:32 of 2nd period - Shot by David Pastrnak.
11:32 of 2nd period - Stopped by Marc-Andre Fleury without a rebound.
11:33 of 2nd period - Patrick Marleau wins face-off versus Frans Nielsen in MapleLeafs zone.
11:58 of 2nd period - Shot by Frans Nielsen.
11:58 of 2nd period - Shot Blocked by Brent Seabrook.
12:00 of 2nd period - Shot by Frans Nielsen.
12:00 of 2nd period - Stopped by Marc-Andre Fleury without a rebound.
12:01 of 2nd period - Erik Haula wins face-off versus Nazem Kadri in MapleLeafs zone.
12:06 of 2nd period - Shot by David Pastrnak.
12:06 of 2nd period - Shot Blocked by Alex DeBrincat.
12:08 of 2nd period - Shot by Jake Gardiner.
12:08 of 2nd period - Stopped by Marc-Andre Fleury without a rebound.
12:09 of 2nd period - Sean Monahan wins face-off versus Cal Clutterbuck in MapleLeafs zone.
12:20 of 2nd period - Shot by Cal Clutterbuck.
12:20 of 2nd period - Stopped by John Gibson without a rebound.
12:21 of 2nd period - Patrick Marleau wins face-off versus Erik Haula in RedWings zone.
12:24 of 2nd period - Shot by Craig Smith.
12:24 of 2nd period - Shot Misses the Net.
12:39 of 2nd period - Shot by Craig Smith.
12:39 of 2nd period - Shot Misses the Net.
12:45 of 2nd period - Jason Demers is hit by Micheal Ferland and loses puck.
12:56 of 2nd period - Shot by David Pastrnak.
12:56 of 2nd period - Stopped by Marc-Andre Fleury without a rebound.
12:57 of 2nd period - Sean Monahan wins face-off versus Alex DeBrincat in MapleLeafs zone.
13:00 of 2nd period - Shot by Sean Monahan.
13:00 of 2nd period - Stopped by Marc-Andre Fleury with a rebound.
13:14 of 2nd period - Shot by Alex DeBrincat.
13:14 of 2nd period - Shot Misses the Net.
13:16 of 2nd period - Shot by Travis Hamonic.
13:16 of 2nd period - Stopped by John Gibson without a rebound.
13:17 of 2nd period - Nolan Patrick wins face-off versus Frans Nielsen in RedWings zone.
13:38 of 2nd period - Shot by Nolan Patrick.
13:38 of 2nd period - Shot Misses the Net.
13:40 of 2nd period - Shot by Beau Bennett.
13:40 of 2nd period - Shot Blocked by Nick Jensen.
13:54 of 2nd period - Shot by Nolan Patrick.
13:54 of 2nd period - Shot Misses the Net.
14:05 of 2nd period - Off-side.
14:06 of 2nd period - Sean Monahan wins face-off versus Patrick Marleau in neutral zone.
14:13 of 2nd period - Shot by Filip Forsberg.
14:13 of 2nd period - Stopped by Marc-Andre Fleury without a rebound.
14:14 of 2nd period - Sean Monahan wins face-off versus Leo Komarov in MapleLeafs zone.
14:22 of 2nd period - Icing by Jason Demers.
14:23 of 2nd period - Patrick Marleau wins face-off versus Erik Haula in MapleLeafs zone.
14:30 of 2nd period - Shot by Leo Komarov.
14:30 of 2nd period - Stopped by John Gibson with a rebound.
14:36 of 2nd period - Shot by Craig Smith.
14:36 of 2nd period - Stopped by John Gibson without a rebound.
14:37 of 2nd period - Nazem Kadri wins face-off versus Filip Forsberg in RedWings zone.
14:44 of 2nd period - Shot by Nazem Kadri.
14:44 of 2nd period - Shot Misses the Net.
14:46 of 2nd period - Shot by Cal Clutterbuck.
14:46 of 2nd period - Shot Misses the Net.
14:48 of 2nd period - Shot by Brandon Montour.
14:48 of 2nd period - Shot Misses the Net.
14:52 of 2nd period - Shot by Nazem Kadri.
14:52 of 2nd period - Shot Misses the Net.
16:18 of 2nd period - Shot by Nolan Patrick.
16:18 of 2nd period - Shot Hit the Post.
16:22 of 2nd period - Shot by Anthony Duclair.
16:22 of 2nd period - Stopped by John Gibson without a rebound.
16:23 of 2nd period - Erik Haula wins face-off versus Nolan Patrick in RedWings zone.
16:32 of 2nd period - Shot by David Pastrnak.
16:32 of 2nd period - Stopped by Marc-Andre Fleury with a rebound.
17:29 of 2nd period - Shot by Nazem Kadri.
17:29 of 2nd period - Stopped by John Gibson without a rebound.
17:30 of 2nd period - Frans Nielsen wins face-off versus Patrick Marleau in RedWings zone.
17:32 of 2nd period - Icing by Ryan Hartman.
17:33 of 2nd period - Frans Nielsen wins face-off versus Patrick Marleau in RedWings zone.
17:33 of 2nd period - Frans Nielsen is hit by Leo Komarov.
17:46 of 2nd period - Icing by Brent Seabrook.
17:47 of 2nd period - Patrick Marleau wins face-off versus Kyle Brodziak in MapleLeafs zone.
17:52 of 2nd period - Shot by Brent Seabrook.
17:52 of 2nd period - Stopped by John Gibson without a rebound.
17:53 of 2nd period - Nazem Kadri wins face-off versus Frans Nielsen in RedWings zone.
18:24 of 2nd period - Shot by Frans Nielsen.
18:24 of 2nd period - Stopped by Marc-Andre Fleury with a rebound.
18:26 of 2nd period - Shot by Tyler Toffoli.
18:26 of 2nd period - Stopped by Marc-Andre Fleury with a rebound.
18:28 of 2nd period - Shot by Ryan Hartman.
18:28 of 2nd period - Shot Blocked by Travis Hamonic.
19:14 of 2nd period - Off-side.
19:15 of 2nd period - Nolan Patrick wins face-off versus Sean Monahan in neutral zone.
19:50 of 2nd period - Shot by Filip Forsberg.
19:50 of 2nd period - Shot Misses the Net.
Goals for this period are 0 for MapleLeafs vs 0 for RedWings.
Shots for this period are 14 for MapleLeafs vs 15 for RedWings.

3rd period


0:01 of 3rd period - Sean Monahan wins face-off versus Leo Komarov in neutral zone.
0:01 of 3rd period - Sean Monahan is hit by Craig Smith.
0:11 of 3rd period - Leo Komarov is hit by Filip Forsberg.
0:33 of 3rd period - Shot by Filip Forsberg.
0:33 of 3rd period - Shot Misses the Net.
1:01 of 3rd period - Shot by Erik Haula.
1:01 of 3rd period - Stopped by Marc-Andre Fleury without a rebound.
1:02 of 3rd period - Frans Nielsen wins face-off versus Alex DeBrincat in MapleLeafs zone.
1:09 of 3rd period - Shot by Nick Jensen.
1:09 of 3rd period - Deflect By Frans Nielsen.
1:09 of 3rd period - Shot Misses the Net.
1:35 of 3rd period - Minor Penalty to Travis Hamonic for Hooking.
1:36 of 3rd period - Nazem Kadri wins face-off versus Sean Monahan in MapleLeafs zone.
1:50 of 3rd period - Sean Monahan is hit by Jason Demers and loses puck.
2:07 of 3rd period - Shot by Sean Monahan.
2:07 of 3rd period - Shot Misses the Net.
2:09 of 3rd period - Shot by Ben Lovejoy.
2:09 of 3rd period - Shot Blocked by Brent Seabrook.
2:11 of 3rd period - Shot by Ben Lovejoy.
2:11 of 3rd period - Stopped by Marc-Andre Fleury with a rebound.
2:35 of 3rd period - Shot by Tyler Toffoli.
2:35 of 3rd period - Stopped by Marc-Andre Fleury without a rebound.
2:36 of 3rd period - Craig Smith wins face-off versus Erik Haula in MapleLeafs zone.
3:35 of 3rd period - Shot by Sean Monahan.
3:35 of 3rd period - Stopped by Marc-Andre Fleury without a rebound.
3:36 of 3rd period - Kyle Brodziak wins face-off versus Nolan Patrick in MapleLeafs zone.
3:45 of 3rd period - Shot by Kyle Brodziak.
3:45 of 3rd period - Shot Blocked by Radko Gudas.
3:47 of 3rd period - Shot by Nick Jensen.
3:47 of 3rd period - Shot Misses the Net.
3:49 of 3rd period - Shot by Loui Eriksson.
3:49 of 3rd period - Shot Misses the Net.
3:51 of 3rd period - Shot by Nick Jensen.
3:51 of 3rd period - Stopped by Marc-Andre Fleury without a rebound.
3:52 of 3rd period - Patrick Marleau wins face-off versus Sean Monahan in MapleLeafs zone.
4:11 of 3rd period - Shot by Patrick Marleau.
4:11 of 3rd period - Stopped by John Gibson without a rebound.
4:12 of 3rd period - Nazem Kadri wins face-off versus Erik Haula in RedWings zone.
4:41 of 3rd period - Shot by Cal Clutterbuck.
4:41 of 3rd period - Shot Misses the Net.
4:49 of 3rd period - Shot by Alex DeBrincat.
4:49 of 3rd period - Stopped by John Gibson without a rebound.
4:50 of 3rd period - Frans Nielsen wins face-off versus Nolan Patrick in RedWings zone.
5:57 of 3rd period - Shot by Leo Komarov.
5:57 of 3rd period - Stopped by John Gibson with a rebound.
5:59 of 3rd period - Shot by Patrick Marleau.
5:59 of 3rd period - Shot Misses the Net.
6:11 of 3rd period - Shot by Craig Smith.
6:11 of 3rd period - Shot Misses the Net.
6:13 of 3rd period - Shot by Travis Hamonic.
6:13 of 3rd period - Stopped by John Gibson without a rebound.
6:14 of 3rd period - Nazem Kadri wins face-off versus David Pastrnak in RedWings zone.
6:22 of 3rd period - Nazem Kadri is hit by Ben Lovejoy and loses puck.
6:48 of 3rd period - David Pastrnak is hit by Radko Gudas and loses puck.
7:10 of 3rd period - Andrew Cogliano is hit by Cal Clutterbuck.
7:11 of 3rd period - Icing by Andrew Cogliano.
7:12 of 3rd period - Patrick Marleau wins face-off versus Kyle Brodziak in RedWings zone.
7:38 of 3rd period - Shot by Loui Eriksson.
7:38 of 3rd period - Shot Misses the Net.
7:42 of 3rd period - Shot by Andrew Cogliano.
7:42 of 3rd period - Stopped by Marc-Andre Fleury without a rebound.
7:43 of 3rd period - Nolan Patrick wins face-off versus Sean Monahan in MapleLeafs zone.
7:58 of 3rd period - Thomas Hickey is hit by Travis Hamonic and loses puck.
8:13 of 3rd period - Shot by Filip Forsberg.
8:13 of 3rd period - Shot Misses the Net.
8:17 of 3rd period - Shot by Sean Monahan.
8:17 of 3rd period - Stopped by Marc-Andre Fleury without a rebound.
8:18 of 3rd period - Patrick Marleau wins face-off versus Erik Haula in MapleLeafs zone.
8:37 of 3rd period - Shot by Leo Komarov.
8:37 of 3rd period - Stopped by John Gibson without a rebound.
8:38 of 3rd period - Frans Nielsen wins face-off versus Nazem Kadri in RedWings zone.
8:40 of 3rd period - Icing by Jake Gardiner.
8:41 of 3rd period - Frans Nielsen wins face-off versus Nazem Kadri in RedWings zone.
9:24 of 3rd period - Off-side.
9:25 of 3rd period - Jonathan Drouin wins face-off versus Patrick Marleau in neutral zone.
9:32 of 3rd period - Shot by Sean Monahan.
9:32 of 3rd period - Shot Blocked by Brandon Montour.
11:01 of 3rd period - Icing by Dmitry Kulikov.
11:02 of 3rd period - Anthony Duclair wins face-off versus Frans Nielsen in MapleLeafs zone.
11:31 of 3rd period - Shot by Nazem Kadri.
11:31 of 3rd period - Shot Blocked by Jake Gardiner.
12:27 of 3rd period - Shot by Tom Kuhnhackl.
12:27 of 3rd period - Shot Blocked by Ben Lovejoy.
12:29 of 3rd period - Shot by Travis Hamonic.
12:29 of 3rd period - Stopped by John Gibson without a rebound.
12:30 of 3rd period - Nolan Patrick wins face-off versus Erik Haula in RedWings zone.
12:41 of 3rd period - Shot by David Pastrnak.
12:41 of 3rd period - Stopped by Marc-Andre Fleury with a rebound.
12:43 of 3rd period - Shot by Micheal Ferland.
12:43 of 3rd period - Shot Misses the Net.
12:48 of 3rd period - Icing by Dmitry Kulikov.
12:49 of 3rd period - Nolan Patrick wins face-off versus Kyle Brodziak in MapleLeafs zone.
13:04 of 3rd period - Shot by Anthony Duclair.
13:04 of 3rd period - Goal by Anthony Duclair - MapleLeafs : 1 - RedWings : 1.
13:05 of 3rd period - Patrick Marleau wins face-off versus Sean Monahan in neutral zone.
13:13 of 3rd period - Craig Smith is hit by Sean Monahan and loses puck.
13:23 of 3rd period - Craig Smith is hit by Filip Forsberg and loses puck.
13:42 of 3rd period - Shot by Patrick Marleau.
13:42 of 3rd period - Stopped by John Gibson without a rebound.
13:43 of 3rd period - Nazem Kadri wins face-off versus Erik Haula in RedWings zone.
14:31 of 3rd period - Icing by Travis Hamonic.
14:32 of 3rd period - Sean Monahan wins face-off versus Nazem Kadri in MapleLeafs zone.
15:11 of 3rd period - Shot by Filip Forsberg.
15:11 of 3rd period - Shot Blocked by Jason Demers.
15:21 of 3rd period - Shot by Leo Komarov.
15:21 of 3rd period - Shot Misses the Net.
15:29 of 3rd period - Shot by Patrick Marleau.
15:29 of 3rd period - Shot Misses the Net.
15:57 of 3rd period - Shot by Anthony Duclair.
15:57 of 3rd period - Shot Blocked by Thomas Hickey.
15:59 of 3rd period - Shot by Dmitry Kulikov.
15:59 of 3rd period - Shot Blocked by Nick Jensen.
17:01 of 3rd period - Shot by David Pastrnak.
17:01 of 3rd period - Goal by David Pastrnak - MapleLeafs : 1 - RedWings : 2.
17:02 of 3rd period - Nazem Kadri wins face-off versus Kyle Brodziak in neutral zone.
17:22 of 3rd period - Brandon Montour is hit by Andrew Cogliano and loses puck.
18:00 of 3rd period - Shot by Patrick Marleau.
18:00 of 3rd period - Shot Misses the Net.
18:44 of 3rd period - Filip Forsberg is hit by Beau Bennett and loses puck.
19:52 of 3rd period - MapleLeafs, Marc-Andre Fleury is pulled from the net.
19:59 of 3rd period - Brent Seabrook is hit by Nick Jensen and loses puck.
Goals for this period are 1 for MapleLeafs vs 1 for RedWings.
Shots for this period are 8 for MapleLeafs vs 9 for RedWings.